 Dungeon Crawl Stone Soup version 0.31-a0-187-gba352fbbf7 (webtiles) character file.

Game seed: 5081490723289046073

69 qw the Shooter (level 4, -6/25 HPs)
             Began as a Deep Elf Hunter on June 22, 2023.
             Killed by divine providence
             ... invoked by an orc priest
              (11 damage)
             ... on level 3 of the Dungeon.
             The game lasted 00:00:33 (1371 turns).

qw the Shooter (Deep Elf Hunter)                    Turns: 1371, Time: 00:00:34

Health: -6/25      AC:  6    Str: 10    XL:     4   Next: 2%
Magic:  6/6        EV:  9    Int: 14    God:
Gold:   191        SH:  0    Dex: 18    Spells: 3/3 levels left

rFire   . . .        Y - +0 shortbow
rCold   . . .        (shield currently unavailable)
rNeg    . . .        g - +0 scale mail
rPois   .            (no helmet)
rElec   .            (no cloak)
rCorr   .            (no gloves)
SInv    .            (no boots)
Will    .....        (no amulet)
Stlth   +            (no ring)
HPRegen 0.24/turn    (no ring)
MPRegen 0.10/turn

%: no passive effects
@: no status effects
A: no striking features
a: no special abilities


You were on level 3 of the Dungeon.
You visited 1 branch of the dungeon, and saw 3 of its levels.

You collected 191 gold pieces.


   Skills:
 - Level 1.5 Fighting
 + Level 7.4 Ranged Weapons
 - Level 2.4 Dodging
 - Level 1.2 Stealth


You had 3 spell levels left.
You didn't know any spells.
Your spell library was empty.

Inventory:

Hand Weapons
 Y - a +0 shortbow (weapon)
Armour
 g - a +0 scale mail (worn)
Scrolls
 a - a scroll of identify {unknown}
 c - a scroll of poison {unknown}
Potions
 b - a potion of berserk rage {unknown}
 d - a potion of brilliance {unknown}
 e - 4 potions of curing
 h - a potion of might {unknown}
 i - a potion of heal wounds {unknown}

Dungeon Overview and Level Annotations

Branches:
Dungeon (3/15)

Altars:
Ru


Message History

You climb downwards.
The ball python hisses angrily.
Found a scroll labelled NUTROI KIZAISE and a scroll labelled PYGEPTOTZE.
There is a stone staircase leading up here.
A ball python is nearby!
Waypoint 2 assigned to D:3.
You shoot an arrow. The arrow hits the ball python!
You kill the ball python!
a - a scroll labelled NUTROI KIZAISE
c - a scroll labelled PYGEPTOTZE You see here a ball python corpse.
An orc comes into view. It is wielding a +0 hand axe.
The orc moves out of view.
An orc comes into view. It is wielding a +0 club.
The orc shouts!
An orc comes into view. It is wielding a +0 flail.
You shoot an arrow. The arrow barely misses the orc.
The orc shouts!
You shoot an arrow. The arrow barely misses the orc.
An orc comes into view. It is wielding a +0 hand axe.
You shoot an arrow. The arrow barely misses the orc.
The orc shouts!
An orc priest comes into view. It is wielding a +0 hand axe.
The orc hits you with a +0 hand axe.
You shoot an arrow. The arrow closely misses the orc.
The orc priest shouts!
You hear a shout!
You shoot an arrow. The arrow hits the orc.
The orc is lightly wounded.
The orc hits you with a +0 hand axe. The orc hits you but does no damage.
You shoot an arrow. The arrow hits the orc!
You kill the orc!
The orc hits you with a +0 flail. The orc hits you with a +0 club.
You have reached level 4!
You feel clever.
You shoot an arrow. The arrow closely misses the orc.
The orc hits you but does no damage. The orc hits you with a +0 flail.
You shoot an arrow. The arrow hits the orc!
You kill the orc!
The orc priest mumbles some strange prayers to Beogh against you.
Beogh smites you!
You die...

... . #.. #.#...
..... #...########
###......#...#
.....o.o.#...#
#..o@.#%..#
#..)).#...#######
#................
#........<.......
.......#....#######
.....####+###
...... ...... ....


You could see an orc priest and 2 orcs.

Vanquished Creatures
  An adder (D:2)
  An ufetubus (D:2)
  A worm (D:2)
  5 orcs
  5 endoplasms
  2 giant cockroaches
  4 goblins
  A hobgoblin (D:1)
  6 jackals (D:1)
  4 kobolds (D:1)
  A quokka (D:2)
  5 ball pythons
  2 bats (D:1)
  2 frilled lizards
  4 rats
44 creatures vanquished.

Notes
Turn   | Place    | Note
-------+----------+-------------------------------------------
     0 | D:1      | qw the Deep Elf Hunter began the quest for the Orb.
     0 | D:1      | Reached XP level 1. HP: 12/12 MP: 3/3
     0 | D:1      | 0 ||| qw: Version: 0.3-a-9-g12657ce
     0 | D:1      | 0 ||| qw: Game counter: 2613
     0 | D:1      | 0 ||| qw: Always use a shield: true
     0 | D:1      | 0 ||| qw: God list: Okawaru
     0 | D:1      | 0 ||| qw: Allow faded altars: false
     0 | D:1      | 0 ||| qw: Do Orc after D:15 true
     0 | D:1      | 0 ||| qw: Do second Lair branch before Depths: true
     0 | D:1      | 0 ||| qw: Lair rune preference: random
     0 | D:1      | 0 ||| qw: Plans: Normal
     0 | D:1      | 0 ||| PLANNING D:1-11
   201 | D:1      | Reached XP level 2. HP: 16/16 MP: 4/4
   227 | D:1      | Reached skill level 6 in Ranged Weapons
   538 | D:1      | Found a faded altar of an unknown god.
   550 | D:1      | 550 ||| DROPPING ring of magical power.
   551 | D:1      | 551 ||| READING scroll labelled YKUEHURYGY.
   652 | D:1      | 652 ||| READING scroll labelled EMPA EROTE.
   653 | D:1      | 653 ||| READING scroll labelled USOXKO ADUKU.
   657 | D:1      | 657 ||| DRINKING 2 sedimented cyan potions.
   658 | D:1      | 658 ||| DROPPING scroll of butterflies.
   683 | D:2      | Reached XP level 3. HP: 20/20 MP: 5/5
   703 | D:2      | Found a sacrificial altar of Ru.
   836 | D:2      | Reached skill level 7 in Ranged Weapons
  1284 | D:2      | 1284 ||| UPGRADING to +0 scale mail.
  1294 | D:2      | 1294 ||| DROPPING +0 leather armour.
  1295 | D:2      | 1295 ||| READING scroll labelled CIRCHU XOEWNOSCH.
  1333 | D:2      | 1333 ||| READING scroll labelled BUECANA YMUT.
  1370 | D:3      | Reached XP level 4. HP: 10/25 MP: 6/6
  1370 | D:3      | HP: 5/25 [orc/+0 flail (5)]
  1371 | D:3      | Killed from afar by an orc priest

Levels and vault maps discovered:
D:1:      minmay_arrival_wavy_path, layout_rooms,
          hellmonk_ecumenical_altar_dog_temple
D:2:      layout_basic, basic_altar
D:3:      gammafunk_steamed_eel, layout_basic

Skill      XL: |  1  2  3 |
---------------+----------+-----
Ranged Weapons | 6 7 |  7.4
Fighting       | |  1.5
Dodging        | |  2.4
Stealth        | |  1.2

Action                     |  1- 3 |  4- 6 || total
---------------------------+-------+-------++-------
   Fire: Shortbow          |   128 |     2 ||   130
    Use: Scroll            |     5 |       ||     5
         Potion            |     1 |       ||     1
 Armour: Leather armour    |    10 |       ||    10
         Scale mail        |     1 |     1 ||     2
  Dodge: Dodged            |    24 |       ||    24

Table legend:
 A = Non-vault XP
 B = Vault XP
 C = Vault XP percentage of total XP
 D = Non-vault monster count
 E = Vault monster count
 F = Vault count percentage of total count
                 A         B        C        D         E       F
            +---------+---------+-------+---------+---------+-------
      Total |      96 |       6 |   5.9 |      41 |       3 |   6.8
            +---------+---------+-------+---------+---------+-------
        D:1 |      31 |       6 |  16.2 |      19 |       3 |  13.6
        D:2 |      57 |       0 |   0.0 |      19 |       0 |   0.0
        D:3 |       8 |       0 |   0.0 |       3 |       0 |   0.0
            +---------+---------+-------+---------+---------+-------
